 Dungeon Crawl Stone Soup version 0.25-a0-458-g6fc7858b95 (webtiles) character file.

Game seed: 4636656631444712657, levelgen mode: deterministic

32 ipx the Chopper (level 3, -5/31 HPs)
             Began as a Minotaur Monk on Feb 3, 2020.
             Slain by a gnoll
             ... wielding a +0 halberd
              (6 damage)
             ... on level 2 of the Dungeon.
             The game lasted 00:03:55 (270 turns).

ipx the Chopper (Minotaur Monk)                      Turns: 270, Time: 00:03:56

Health: -5/31      AC: 10    Str: 16    XL:     3   Next: 10%
Magic:  2/2        EV:  5    Int:  7    God:
Gold:   8          SH:  0    Dex: 12    Spells: 2/2 levels left

rFire    . . .     SeeInvis .   a - +0 hand axe
rCold    . . .     Gourm    .   (no shield)
rNeg     . . .     Faith    .   e - +0 plate armour
rPois    .         Spirit   .   (helmet restricted)
rElec    .         Reflect  .   (no cloak)
rCorr    .         Harm     .   (no gloves)
MR       .....                  (no boots)
Stlth    ..........             (no amulet)
HPRegen  0.10/turn              (no ring)
MPRegen  0.08/turn              (no ring)

@: no status effects
A: retaliatory headbutt, horns 2
a: no special abilities


You were on level 2 of the Dungeon.
You were not hungry.

You visited 1 branch of the dungeon, and saw 2 of its levels.

You collected 8 gold pieces.

Inventory:

Hand Weapons
 a - a +0 hand axe (weapon)
Missiles
 b - 5 curare-tipped darts
 d - 4 boomerangs
 f - 6 poisoned darts (quivered)
Armour
 e - a +0 plate armour (worn)
Scrolls
 h - a scroll of random uselessness {unknown}
Potions
 g - a potion of ambrosia {unknown}
Comestibles
 c - a ration


   Skills:
 - Level 3.6 Fighting
 + Level 4.4 Axes
 + Level 1.9 Throwing
 - Level 3.2 Dodging
 - Level 1.5 Stealth


You had 2 spell levels left.
You didn't know any spells.
Your spell library was empty.

Dungeon Overview and Level Annotations

Branches:
Dungeon (2/15)

Altars:


Innate Abilities, Weirdness & Mutations

You reflexively headbutt those who attack you in melee.
You have a pair of horns on your head.


Message History

You hit the gnoll. Your headbutt misses the gnoll.
The gnoll is severely wounded.
The gnoll looks more healthy.
An adder comes into view.
The gnoll hits you with a +0 halberd.
The adder hisses angrily.
You hit the gnoll. Your headbutt misses the gnoll.
The gnoll is almost dead.
The gnoll hits you with a +0 halberd!
* * * LOW HITPOINT WARNING * * *
Your plate armour prevents you from hitting the gnoll.
The gnoll is almost dead.
The gnoll hits you with a +0 halberd.
* * * LOW HITPOINT WARNING * * *
You closely miss the gnoll.
The gnoll is almost dead.
You hit the gnoll but do no damage. The gnoll hits you with a +0 flail.
* * * LOW HITPOINT WARNING * * *
The gnoll hits you from afar with a +0 halberd.
You die...

##.. ###.# #...#
....# . ..... ...|
>. #..###... .#
.##....^.. ...#
........ ....
#..#..###...#
#.####..##@.#..#.#
#........g.......#
######)###g..##.#
#..g)lS....#
#####(..#### #...#
#...# .#
#####...######## .#
............g...##.#


You could see 2 gnolls, an adder and a frilled lizard.

Vanquished Creatures
  A gnoll (D:2)
  A worm (D:2)
  5 bats
  A giant cockroach (D:2)
  A goblin (D:1)
  4 hobgoblins
  2 jackals (D:2)
  2 frilled lizards
  A kobold (D:2)
  A rat (D:1)
19 creatures vanquished.

Notes
Turn   | Place    | Note
-------+----------+-------------------------------------------
     0 | D:1      | ipx the Minotaur Monk began the quest for the Orb.
     0 | D:1      | Reached XP level 1. HP: 19/19 MP: 0/0
   157 | D:1      | Reached skill level 4 in Axes
   157 | D:1      | Reached skill level 1 in Throwing
   188 | D:2      | Reached XP level 2. HP: 23/26 MP: 1/1
   265 | D:2      | Reached XP level 3. HP: 21/31 MP: 2/2
   269 | D:2      | HP: 1/31 [gnoll/+0 flail (5)]
   270 | D:2      | Slain by a gnoll

Levels and vault maps discovered:
D:1:      minmay_arrival_radiant_lines, layout_basic
D:2:      layout_loops_cross, kennysheep_generic_room_11

Skill      XL: |  1 |
---------------+----+-----
Axes           | 4 |  4.4
Throwing       | 1 |  1.9
Fighting       | |  3.6
Dodging        | |  3.2
Stealth        | |  1.5

Action                   || total
-------------------------++-------
Melee: Hand axe          ||    46
       Headbutt          ||     7
Throw: Dart              ||     4
Armor: Plate armour      ||    30
Dodge: Dodged            ||    24

Table legend:
 A = Non-vault XP
 B = Vault XP
 C = Vault XP percentage of total XP
 D = Non-vault monster count
 E = Vault monster count
 F = Vault count percentage of total count
                 A         B        C        D         E       F
            +---------+---------+-------+---------+---------+-------
      Total |      47 |       0 |   0.0 |      19 |       0 |   0.0
            +---------+---------+-------+---------+---------+-------
        D:1 |      11 |       0 |   0.0 |       7 |       0 |   0.0
        D:2 |      36 |       0 |   0.0 |      12 |       0 |   0.0
            +---------+---------+-------+---------+---------+-------
